 Dungeon Crawl Stone Soup version 0.28.0-56-g4927b6849a (webtiles) character file.

Game seed: 16061825196992853356

93 Atelerd the Digger (level 4, 0/27 HPs)
             Began as an Octopode Earth Elementalist on Feb 1, 2023.
             Killed from afar by Sigmund (6 damage)
             ... with a magic dart
             ... on level 3 of the Dungeon.
             The game lasted 00:01:12 (2450 turns).

Atelerd the Digger (Octopode Earth Elementalist)    Turns: 2450, Time: 00:01:12

Health: 0/27       AC:  1    Str:  7    XL:     4   Next: 62%
Magic:  5/8        EV: 13    Int: 17    God:
Gold:   121        SH:  0    Dex: 14    Spells: 7/8 levels left

rFire   . . .      SeeInvis .   j - +1 short sword (venom)
rCold   . . .      Faith    .   (no shield)
rNeg    . . .      Spirit   .   (helmet restricted)
rPois   .          Reflect  .   (no amulet)
rElec   .          Harm     .   (no ring)
rCorr   .          Rampage  .   (no ring)
Will    .....                   (no ring)
Stlth   +++.......              (no ring)
HPRegen 0.09/turn               (no ring)
MPRegen 0.11/turn               (no ring)
                                (no ring)
                                (no ring)

@: no status effects
A: almost no armour, amphibious, 8 rings, camouflage 1, gelatinous body 1,
(nimble swimmer 1), tentacles
a: no special abilities


You were on level 3 of the Dungeon.
You visited 1 branch of the dungeon, and saw 3 of its levels.

You collected 121 gold pieces.

Inventory:

Hand Weapons
 d - a +0 dagger
 j - a +1 short sword of venom (weapon)
Missiles
 b - 13 stones
Scrolls
 e - a scroll of blinking {unknown}
 f - 2 scrolls of magic mapping {unknown}
 g - a scroll of immolation
 h - a scroll of acquirement {unknown}
 i - 2 scrolls of teleportation {unknown}
 m - 3 scrolls of identify {unknown}
Potions
 a - a potion of curing {unknown}
 c - a potion of mutation {unknown}
 k - a potion of heal wounds {unknown}
 l - a potion of magic {unknown}


   Skills:
 + Level 0.2 Fighting
 + Level 0.6 Short Blades
 * Level 2.4 Dodging
 * Level 3.6 Stealth
 + Level 2.7 Spellcasting
 + Level 1.0 Transmutations
 * Level 4.0 Earth Magic


You had 7 spell levels left.
You knew the following spells:

 Your Spells              Type           Power      Damage    Failure   Level
a - Sandblast             Erth           30%        2d9       3%          1

Your spell library contained the following spells:

 Spells                   Type           Power      Damage    Failure   Level
 Passwall                 Tmut/Erth      8%         N/A       10%         2
 Stone Arrow              Conj/Erth      18%        3d8       24%         3
 Scorch                   Fire           4%         2d5       26%         2
 Petrify                  Tmut/Erth      10%        N/A       54%         4
 Flame Wave               Conj/Fire      2%         2d4       87%         4
 Summon Cactus Giant      Summ           1%         N/A       100%        6


Dungeon Overview and Level Annotations

Branches:
Dungeon (3/15)

Altars:
Yredelemnul

Annotations:
D:3 Sigmund


Innate Abilities, Weirdness & Mutations

You cannot wear most types of armour.
You are amphibious.
You can wear up to eight rings at the same time.
Your skin changes colour to match your surroundings (Stealth+).
Your rubbery body absorbs attacks. (AC +1, EV +1)
((You are camouflaged when in or above water. (Stealth+)))
You have tentacles for arms and can constrict up to eight enemies at once.


Message History

You squeeze the ball python.
You kill the ball python!
No target in view!
You see here a ball python corpse.
Found a stone staircase leading down.
You now have 121 gold pieces (gained 14).
You open the door.
Sigmund the Dreaded comes into view.
He is wielding a +0 scythe and wearing a +2 robe of cold resistance.
There is an open door here.
Sigmund is nearby!
Sigmund is nearby!
Sigmund is nearby!
Sigmund casts a spell at you. The puff of flame hits you!
You hit Sigmund but do no damage. Your grab misses Sigmund.
You squeeze Sigmund.
Sigmund is lightly wounded.
Sigmund flickers, as though insubstantial.
Sigmund barely misses you.
The blast of sand hits Sigmund.
Sigmund is moderately wounded.
Sigmund closely misses you.
You hit Sigmund. Your grab misses Sigmund.
Sigmund is moderately wounded.
The blast of sand hits Sigmund but does no damage.
Sigmund is moderately wounded.
Sigmund drinks a potion.
Sigmund seems to grow stronger.
The blast of sand hits Sigmund!
Sigmund is heavily wounded.
Sigmund points at you and mumbles some strange words.
The puff of flame hits you!
* * * LOW HITPOINT WARNING * * *
You are too injured to fight recklessly!
You are too injured to fight recklessly!
You hit Sigmund.
Sigmund is poisoned.
You grab Sigmund. You squeeze Sigmund!
Sigmund is almost dead.
You constrict Sigmund, but do no damage.
Sigmund casts a spell at you. The magic dart hits you.
You die...

....
..###+######....#
##..
#.......###..##.#
#.......'.......#
#.......###..####
## ........# #..#
.# #.......# ##.#
.#
#.......####..#
##
#####..........
##.@#####..# #@.#
... ###. ##


You could see Sigmund (strong, very poisoned).

Vanquished Creatures
  4 adders
  2 dart slugs
  6 ball pythons
  6 endoplasms
  5 giant cockroaches
  3 goblins (D:1)
  3 hobgoblins
  2 jackals (D:1)
  7 kobolds (D:2)
  4 quokkas
  2 bats
  A frilled lizard (D:2)
  5 rats
50 creatures vanquished.

Notes
Turn   | Place    | Note
-------+----------+-------------------------------------------
     0 | D:1      | Atelerd the Octopode Earth Elementalist began the quest for
                  | the Orb.
     0 | D:1      | Reached XP level 1. HP: 11/11 MP: 3/3
   140 | D:1      | Reached XP level 2. HP: 14/17 MP: 1/5
   990 | D:1      | Reached XP level 3. HP: 21/21 MP: 6/6
  1256 | D:2      | Found a faded altar of an unknown god.
  1484 | D:2      | Reached XP level 4. HP: 27/27 MP: 3/7
  1561 | D:2      | Found a basalt altar of Yredelemnul.
  2342 | D:3      | Reached skill level 4 in Earth Magic
  2438 | D:3      | Noticed Sigmund
  2450 | D:3      | Killed from afar by Sigmund

Illustrated notes

Levels and vault maps discovered:
D:1:      onia_arrival_handbag, layout_basic
D:2:      layout_basic, hellmonk_ecumenical_altar_blasted, basic_altar,
          st_stairs_6, fountainhead, bh_walls_and_bars
D:3:      layout_basic, minmay_snake_closets, uniq_sigmund

Skill      XL: |  1  2  3  4 |
---------------+-------------+-----
Stealth        | 3 |  3.6
Earth Magic    | 4 |  4.0
Fighting       | |  0.2
Short Blades   | |  0.6
Dodging        | |  2.4
Spellcasting   | |  2.7
Transmutations | |  1.0

Action                   |  1- 3 |  4- 6 || total
-------------------------+-------+-------++-------
Melee: Constrict         |    11 |     8 ||    19
       Unarmed           |     3 |       ||     3
       Dagger            |    24 |     4 ||    28
       Tentacles         |     8 |    11 ||    19
       Short sword       |       |    23 ||    23
       Punch             |       |     1 ||     1
 Cast: Sandblast         |    35 |     5 ||    40
 Stab: Sleeping          |     4 |     4 ||     8
Armor: Skin              |     2 |     2 ||     4
Dodge: Dodged            |    28 |    15 ||    43
